 Dungeon Crawl Stone Soup version 0.27.1 (webtiles) character file.

Game seed: 17384682837998859162

2590 nicksoapdish the Cleaver (level 9, -7/84 HPs)
             Began as an Ogre Ice Elementalist on Aug 21, 2021.
             Mangled by Joseph (11 damage)
             ... on level 7 of the Dungeon.
             The game lasted 00:30:39 (8399 turns).

nicksoapdish the Cleaver (Ogre Ice Elementalist)    Turns: 8399, Time: 00:30:39

Health: -7/84      AC:  7    Str: 26    XL:     9   Next: 58%
Magic:  5/18       EV:  9    Int: 23    God:
Gold:   359        SH:  0    Dex:  7    Spells: 4/20 levels left

rFire    + . .     SeeInvis .   a - +1 battleaxe
rCold    . . .     Faith    .   (shield currently unavailable)
rNeg     . . .     Spirit   .   x - +0 steam dragon scales
rPois    .         Reflect  .   c - +1 hat
rElec    .         Harm     .   (no cloak)
rCorr    .         Rampage  .   (gloves unavailable)
Will     +++..                  (boots unavailable)
Stlth    ..........             o - amulet of magic regeneration
HPRegen  0.24/turn              n - ring of protection from fire
MPRegen  0.41/turn              u - ring "Puicsofy" {Will+++ Str+10 Int+6 Dex-2 Stlth-}

@: studying Axes
A: large, unfitting armour, tough skin 1
a: no special abilities


You were on level 7 of the Dungeon.
You visited 1 branch of the dungeon, and saw 7 of its levels.
You also visited: Sewer.

You collected 359 gold pieces.

Inventory:

Hand Weapons
 a - a +1 battleaxe (weapon)
Missiles
 b - 81 bolts
 k - 46 sling bullets
 l - 3 boomerangs of dispersal
Armour
 c - a +1 hat (worn)
 x - +0 steam dragon scales (worn)
Jewellery
 n - a ring of protection from fire (left hand)
 o - an amulet of magic regeneration (around neck)
 u - the ring "Puicsofy" (right hand) {Will+++ Str+10 Int+6 Dex-2 Stlth-}
   (You found it on level 4 of the Dungeon)

   [ring of intelligence]

   Str:       It affects your strength (+10).
   Int:       It affects your intelligence (+6).
   Dex:       It affects your dexterity (-2).
   Will:      It greatly increases your willpower.
   Stlth:     It makes you less stealthy.
 D - a ring of flight
 H - a ring of wizardry
Wands
 i - a wand of mindburst (9)
 C - a wand of flame (14)
 F - a wand of polymorph (7)
 G - a wand of charming (7)
Scrolls
 d - a scroll of immolation
 e - a scroll of teleportation
 j - 2 scrolls of enchant armour {unknown}
 q - a scroll of silence {unknown}
 t - a scroll of vulnerability {unknown}
 w - a scroll of amnesia {unknown}
 y - a scroll of blinking
 E - a scroll of torment {unknown}
Potions
 f - a potion of berserk rage
 g - 2 potions of flight
 h - 4 potions of heal wounds
 m - a potion of brilliance
 p - a potion of invisibility {unknown}
 r - a potion of attraction {unknown}
 s - 5 potions of curing
 v - 2 potions of mutation
 z - a potion of cancellation {unknown}
 A - a potion of might {unknown}
 B - a potion of haste {unknown}


   Skills:
 + Level 4.0 Fighting
 * Level 9.5 Axes
 - Level 0.7 Armour
 - Level 1.7 Dodging
 - Level 1.4 Stealth
 - Level 0.1 Unarmed Combat
 - Level 6.0 Spellcasting
 * Level 4.2 Conjurations
 * Level 2.4 Hexes
 + Level 6.8 Ice Magic


You had 4 spell levels left.
You knew the following spells:

 Your Spells              Type           Power      Damage    Failure   Level
a - Freeze                Ice            100%       1d11      1%          1
b - Frozen Ramparts       Ice            76%        1d9       1%          3
c - Ozocubu's Armour      Ice            38%        N/A       1%          3
d - Hailstorm             Conj/Ice       32%        3d8       9%          4
e - Static Discharge      Conj/Air       16%        N/A       5%          2
f - Ensorcelled Hibernat  Hex/Ice        56%        N/A       1%          2
g - Sting                 Tmut/Pois      28%        1d4       9%          1

Your spell library contained the following spells:

 Spells                   Type           Power      Damage    Failure   Level
 Animate Skeleton         Necr           12%        N/A       9%          1
 Poisonous Vapours        Pois/Air       14%        N/A       13%         2
 Spider Form              Tmut/Pois      3%         N/A       26%         3
 Sticky Flame             Conj/Fire      16%        2d4       34%         4
 Dispel Undead            Necr           6%         3d8       63%         4
 Olgreb's Toxic Radiance  Pois           7%         N/A       63%         4
 Shadow Creatures         Summ           N/A        N/A       100%        6


Dungeon Overview and Level Annotations

Branches:
Dungeon (7/15)             Temple (0/1) D:6           Sewer (visited)

Altars:
Cheibriados
Makhleb
Sif Muna
Vehumet
Wu Jian
Zin

Annotations:
D:7 Joseph


Innate Abilities, Weirdness & Mutations

You are too large for most types of armour.
You have tough skin. (AC +1)


Message History

Confirm with . or Enter, or press ? or * to list all spells.
Casting: Hailstorm (dangerous; 9% risk of failure)
Press: ? - help, Dir - look around, f - activate A cannonade of hail descends around you!
The hail pelts Joseph!
Joseph partially resists.
Joseph is heavily wounded.
Joseph resists.
The wall freezes Joseph.
Joseph shoots a sling bullet.
The sling bullet closely misses you.
Casting: Hailstorm (dangerous; 9% risk of failure)
Confirm with . or Enter, or press ? or * to list all spells.
Casting: Hailstorm (dangerous; 9% risk of failure)
Press: ? - help, Dir - look around, f - activate A cannonade of hail descends around you!
The hail pelts Joseph.
Joseph partially resists.
Joseph is heavily wounded.
The frozen ramparts melt away.
Joseph shoots a sling bullet.
The sling bullet completely misses you.
Your icy armour will break if you move.
Continue?
Your icy armour cracks and falls away as you move.
Joseph unwields a +0 hunting sling.
Joseph wields a +0 quarterstaff.
Joseph hits you with a +0 quarterstaff.
You hit Joseph.
Joseph is heavily wounded.
Joseph hits you with a +0 quarterstaff!
* * * LOW HITPOINT WARNING * * *
You slice Joseph!!
Joseph is almost dead.
Joseph hits you with a +0 quarterstaff.
* * * LOW HITPOINT WARNING * * *
You barely miss Joseph.
Joseph is almost dead.
Joseph hits you with a +0 quarterstaff!
* * * LOW HITPOINT WARNING * * *
Your magical contamination has completely faded away.
You closely miss Joseph.
Joseph is almost dead.
Joseph hits you with a +0 quarterstaff!
* * * LOW HITPOINT WARNING * * *
Joseph hits you with a +0 quarterstaff!
You die...

@.## ...............
... #........<.....
#.. ##.............
#.## #.....##.......
#..# #.###.##.......
#$#### #..##..#.......
#....###..##..........
#....#....###........#
####@@....###)....#.#
.#. #.##...#.#††.[##
...###..##.....†....#
........##.)..###..##
.........#....####.##
..#......)......##.#
....?....)......#..#
................##.#
.#..........)....##


You could see Joseph (poisoned).

Vanquished Creatures
  A steam dragon (D:4)
  2 water moccasins (D:5)
  A black bear (D:4)
  An ice beast (D:5)
  2 ogres
  A necrophage (D:5)
  A centaur (D:6)
  A phantom (D:6)
  A kobold brigand (Sewer)
  A bullfrog (D:7)
  3 scorpions
  A wyvern skeleton (D:6)
  5 killer bees (D:7)
  A howler monkey (D:7)
  A centaur zombie (D:6)
  6 hounds
  A jelly (D:5)
  5 orc priests
  A bullfrog skeleton (D:7)
  2 gnoll shamans (D:7)
  3 iguanas
  3 iron imps (D:3)
  An orc wizard (D:6)
  A scorpion zombie (D:5)
  A killer bee zombie (D:5)
  A hound skeleton (D:4)
  8 gnolls
  A howler monkey skeleton (D:6)
  A river rat (Sewer)
  6 adders
  A white imp (D:6)
  An ufetubus (D:4)
  2 dart slugs
  20 orcs
  7 ball pythons
  6 endoplasms
  8 giant cockroaches
  12 goblins
  8 hobgoblins
  5 jackals
  10 kobolds
  4 quokkas
  7 bats
  2 frilled lizards
  10 rats
167 creatures vanquished.

Vanquished Creatures (others)
  A plant (D:3)
1 creature vanquished.

Grand Total: 168 creatures vanquished

Notes
Turn   | Place    | Note
-------+----------+-------------------------------------------
     0 | D:1      | nicksoapdish the Ogre Ice Elementalist began the quest for
                  | the Orb.
     0 | D:1      | Reached XP level 1. HP: 16/16 MP: 3/3
   306 | D:1      | Reached XP level 2. HP: 26/26 MP: 3/5
  1003 | D:1      | Reached XP level 3. HP: 25/32 MP: 7/7
  1004 | D:1      | Reached skill level 1 in Fighting
  1110 | D:2      | Learned a level 3 spell: Frozen Ramparts
  1120 | D:2      | Learned a level 3 spell: Ozocubu's Armour
  1897 | D:2      | Reached XP level 4. HP: 42/42 MP: 0/9
  3301 | D:3      | Found a burning altar of Makhleb.
  3341 | D:3      | Reached XP level 5. HP: 47/49 MP: 4/11
  3433 | D:3      | Reached skill level 1 in Axes
  3611 | D:3      | Found a faded altar of an unknown god.
  3616 | D:3      | Got Plato's Incunabulum of Evil
  3623 | D:3      | Learned a level 4 spell: Hailstorm
  4107 | D:4      | Reached XP level 6. HP: 52/57 MP: 5/13
  4123 | D:4      | Reached skill level 2 in Axes
  4409 | D:4      | Reached skill level 5 in Spellcasting
  4409 | D:4      | Reached skill level 1 in Conjurations
  4778 | D:4      | Reached XP level 7. HP: 50/66 MP: 11/14
  4908 | D:4      | Identified the ring "Puicsofy" {Will+++ Str+10 Int+6 Dex-2
                  | Stlth-}
  5002 | D:4      | Noticed a steam dragon
  5018 | D:4      | Killed a steam dragon
  5019 | D:4      | Reached skill level 3 in Axes
  5019 | D:4      | Reached skill level 5 in Ice Magic
  5606 | D:5      | Entered Level 5 of the Dungeon
  5612 | D:5      | Reached skill level 4 in Axes
  5663 | D:5      | Reached XP level 8. HP: 56/74 MP: 14/17
  5684 | D:5      | Reached skill level 5 in Axes
  5737 | D:5      | Found a glowing drain.
  5766 | Sewer    | Entered a sewer
  6016 | Sewer    | Found a white marble altar of Elyvilon.
  6144 | D:5      | Reached skill level 6 in Axes
  6148 | D:5      | Learned a level 2 spell: Static Discharge
  6283 | D:5      | Reached skill level 7 in Axes
  6336 | D:5      | Found an ornate altar of the Wu Jian Council.
  6336 | D:5      | Found a radiant altar of Vehumet.
  6337 | D:5      | Found a shimmering blue altar of Sif Muna.
  6398 | D:5      | Found a glowing silver altar of Zin.
  6494 | D:5      | Learned a level 2 spell: Ensorcelled Hibernation
  6496 | D:5      | Learned a level 1 spell: Sting
  6801 | D:6      | Reached skill level 1 in Hexes
  6988 | D:6      | Found a snail-covered altar of Cheibriados.
  7013 | D:6      | Reached XP level 9. HP: 83/83 MP: 4/18
  7145 | D:6      | Reached skill level 8 in Axes
  7503 | D:6      | Found a staircase to the Ecumenical Temple.
  8211 | D:7      | Reached skill level 9 in Axes
  8377 | D:7      | Noticed Joseph
  8399 | D:7      | HP: 4/84 [Joseph (9)]
  8399 | D:7      | Mangled by Joseph

Illustrated notes

Levels and vault maps discovered:
D:1:      enne_arrival_octagon_isle, layout_loops_ring, nrook_uturn,
          chequers_serial_rivers_marsh
D:2:      layout_basic, minivault_5, minmay_surrounded
D:3:      layout_basic, demons_altar, shapermc_ecumenical_altar_rom_forum,
          minmay_tree_intersection
D:4:      layout_cave_pools, serial_park_tiny_1, nrook_mini_vaults,
          supply_closet_lemuel, minmay_manual_monstrance
D:5:      layout_loops_cross, nicolae_overflow_quartered_altars,
          gup_sewer_entry_pipe, hangedman_abyss_or_decor_passed,
          minmay_starry_boxes
D:6:      layout_cave_pods, cheibriados_altar_1,
          minmay_temple_entry_proselytizer, serial_rivers,
          chequers_serial_rivers_small_a, chequers_serial_rivers_large_b,
          chequers_serial_rivers_room_b, chequers_serial_rivers_small_a,
          chequers_serial_rivers_micro_b, chequers_serial_rivers_micro_d
D:7:      layout_cave_pools, kennysheep_big_empty_room, lightli_minifort,
          uniq_harold, uniq_menkaure, uniq_joseph

Skill      XL: |  1  2  3  4  5  6  7  8  9 |
---------------+----------------------------+-----
Ice Magic      | 4 5 6 |  6.8
Fighting       | 2 3 4 |  4.0
Spellcasting   | 3 4 5 6 |  6.0
Axes           | 1 2 4 7 9 |  9.5
Conjurations   | 1 2 3 4 |  4.2
Hexes          | 1 2 |  2.4
Armour         | |  0.7
Dodging        | |  1.7
Stealth        | |  1.4
Unarmed Combat | |  0.1

Action                   |  1- 3 |  4- 6 |  7- 9 || total
-------------------------+-------+-------+-------++-------
Melee: Unarmed           |    36 |     3 |       ||    39
       Hand axe          |       |    86 |     8 ||    94
       Battleaxe         |       |       |   154 ||   154
 Cast: Freeze            |    44 |    28 |     5 ||    77
       Frozen Ramparts   |     7 |    14 |    43 ||    64
       Ozocubu's Armour  |     1 |     5 |    28 ||    34
       Hailstorm         |       |       |    19 ||    19
       Sting             |       |       |     9 ||     9
       Static Discharge  |       |       |     1 ||     1
  Use: Scroll            |     1 |       |     8 ||     9
 Stab: Sleeping          |       |     1 |       ||     1
Armor: Robe              |    25 |    61 |    14 ||   100
       Steam dragon scal |       |       |    90 ||    90
Dodge: Dodged            |    33 |    55 |    96 ||   184
